 Dungeon Crawl Stone Soup version 0.30.0-29-ga12c61a403 (webtiles) character file.

Game seed: 14410240208038062358

110021 LustLizard the Zephyrmancer (level 16, -7/96 HPs)
             Began as a Deep Elf Air Elementalist on June 21, 2023.
             Was a High Priest of Vehumet.
             Mangled by a fenstrider witch (12 damage)
             ... on level 1 of the Swamp.
             The game lasted 01:18:44 (39166 turns).

LustLizard the Zephyrmancer (DEAE)                 Turns: 39166, Time: 01:18:44

Health: -7/96      AC: 15    Str:  7    XL:     16   Next: 6%
Magic:  21/36      EV: 19    Int: 29    God:    Vehumet [*****.]
Gold:   1979       SH:  5    Dex: 17    Spells: 2/43 levels left

rFire   + . .        o - +10 lajatang of Gatikh {freeze, Int+2}
rCold   . . .        (shield currently unavailable)
rNeg    + . .        g - +1 robe of the Banana {rElec rN+}
rPois   +            f - +2 helmet
rElec   +            Q - +2 cloak {rPois}
rCorr   .            b - +2 pair of gloves
SInv    +            j - +2 pair of boots
Will    +....        C - amulet of reflection
Stlth   +++          t - ring "Vuokkyib" {Wiz Slay+3}
HPRegen 0.36/turn    O - ring of Tafaung {rPois rF+ Dex+2 SInv}
MPRegen 0.25/turn

%: reflection, wizardry (x1)
@: studying Armour
A: no striking features
a: Renounce Religion


You were on level 1 of the Swamp.
You worshipped Vehumet.
Vehumet was extremely pleased with you.
You visited 5 branches of the dungeon, and saw 24 of its levels.
You also visited: Sewer, Bailey, Gauntlet and Volcano.

You collected 2578 gold pieces.
You spent 599 gold pieces at shops.

Inventory:

Hand Weapons
 o - the +10 lajatang of Gatikh (weapon) {freeze, Int+2}
   (You acquired it on level 10 of the Dungeon)

   Int:       It affects your intelligence (+2).
Armour
 b - a +2 pair of gloves (worn)
 d - the +4 robe of Augmentation {Str+4 Int+4 Dex+4}
   (You found it on level 12 of the Dungeon)

   Str:       It affects your strength (+4).
   Int:       It affects your intelligence (+4).
   Dex:       It affects your dexterity (+4).
 f - a +2 helmet (worn)
 g - the +1 robe of the Banana (worn) {rElec rN+}
   (You found it on level 3 of the Dungeon)

   rElec:     It insulates you from electricity.
   rN:        It protects you from negative energy.
 j - a +2 pair of boots (worn)
 p - a +2 cloak of fire resistance
 Q - a +2 cloak of poison resistance (worn)
Jewellery
 n - the ring of the Gastropod {rElec Will+ Dex-3 Slay+2}
   (You found it in a Gauntlet)

   [ring of willpower]

   Dex:       It affects your dexterity (-3).
   Slay:      It affects your accuracy & damage with ranged weapons and melee
   (+2).
   rElec:     It insulates you from electricity.
   Will:      It increases your willpower.
 t - the ring "Vuokkyib" (left hand) {Wiz Slay+3}
   (You found it on level 2 of the Dungeon)

   [ring of wizardry]

   It improves your spell success rate.
   Slay:      It affects your accuracy & damage with ranged weapons and melee
   (+3).
 C - an amulet of reflection (around neck)
 D - the ring of Huply {rN+ Str+6}
   (You found it on level 4 of the Dungeon)

   [ring of strength]

   Str:       It affects your strength (+6).
   rN:        It protects you from negative energy.
 N - a +4 ring of protection
 O - the ring of Tafaung (right hand) {rPois rF+ Dex+2 SInv}
   (You took it off a minotaur in a Gauntlet)

   [ring of protection from fire]

   Dex:       It affects your dexterity (+2).
   rF:        It protects you from fire.
   rPois:     It protects you from poison.
   SInv:      It lets you see invisible.
 P - a +6 ring of intelligence
 R - a ring of protection from cold
 S - a ring of flight
 W - a +4 ring of slaying
 Z - a ring of resist corrosion
Wands
 E - a wand of digging (10)
 J - a wand of flame (92)
 K - a wand of roots (21)
 M - a wand of charming (27)
 V - a wand of quicksilver (8)
Scrolls
 a - 4 scrolls of blinking
 h - 4 scrolls of enchant weapon
 k - 5 scrolls of fog
 l - 8 scrolls of teleportation
 m - 3 scrolls of magic mapping
 q - 3 scrolls of brand weapon
 r - 8 scrolls of immolation
 w - 3 scrolls of silence
 y - a scroll of amnesia
 B - 2 scrolls of fear
 U - 4 scrolls of butterflies
 X - a scroll of enchant armour
Potions
 c - a potion of curing
 e - 4 potions of flight
 i - 2 potions of heal wounds
 u - 3 potions of magic
 v - 6 potions of mutation
 x - 3 potions of lignification
 z - 4 potions of brilliance
 A - 2 potions of cancellation
 F - 5 potions of resistance
 G - 2 potions of might
 H - 7 potions of haste
 I - a potion of invisibility
 L - 3 potions of berserk rage
Miscellaneous
 s - a phantom mirror
 T - a phial of floods
 Y - a lightning rod (4/4)


   Skills:
 + Level 9.3 Fighting
 * Level 10.7 Staves
 + Level 11.3 Dodging
 - Level 4.0 Stealth
 + Level 14.3 Spellcasting
 + Level 12.0 Conjurations
 * Level 10.1 Summonings
 - Level 5.0 Translocations
 + Level 14.4 Air Magic
 - Level 5.0 Evocations


You had 2 spell levels left.
You knew the following spells:

 Your Spells              Type           Power      Damage    Failure   Level
a - Shock                 Conj/Air       100%       1d9       0%          1
b - Irradiate             Conj/Tmut      27%        3d20      1%          5
c - Swiftness             Air            81%        N/A       0%          3
d - Airstrike             Air            40%        2d(6-22)  1%          4
e - Poisonous Vapours     Pois/Air       100%       N/A       1%          2
f - Stone Arrow           Conj/Erth      100%       3d13      1%          3
g - Summon Forest         Summ/Tloc      29%        N/A       1%          5
h - Olgreb's Toxic Radia  Pois           20%        N/A       3%          4
i - Freezing Cloud        Conj/Ice/Air   32%        6-21      1%          5
j - Mephitic Cloud        Conj/Pois/Air  64%        N/A       1%          3
k - Summon Cactus Giant   Summ           34%        N/A       2%          6

Your spell library contained the following spells:

 Spells                   Type           Power      Damage    Failure   Level
 Starburst                Conj/Fire      27%        6d9       3%          6
 Static Discharge         Conj/Air       100%       2-7/arc   0%          2
 Kiss of Death            Conj/Necr      100%       2d13      1%          1
 Necrotise                Necr           80%        1d8       1%          1
 Blink                    Tloc           98%        N/A       1%          2
 Momentum Strike          Conj/Tloc      100%       3d10      1%          2
 Scorch                   Fire           40%        2d7       1%          2
 Dazzling Flash           Conj/Hex       100%       N/A       1%          3
 Summon Guardian Golem    Hex/Summ       50%        N/A       1%          3
 Flame Wave               Conj/Fire      54%        2d13      1%          4
 Manifold Assault         Tloc           49%        N/A       1%          4
 Summon Lightning Spire   Summ/Air       75%        N/A       1%          4
 Arcjolt                  Conj/Air       39%        1d49      1%          5
 Silence                  Hex/Air        29%        N/A       1%          5
 Vampiric Draining        Necr           20%        2d7       2%          3
 Spellforged Servitor     Conj/Summ      35%        N/A       2%          7
 Summon Hydra             Summ           34%        N/A       12%         7
 Agony                    Necr           20%        N/A       26%         5
 Eringya's Noxious Bog    Tmut/Pois      10%        N/A       34%         6
 Storm Form               Tmut/Air       29%        N/A       38%         7


Dungeon Overview and Level Annotations

Branches:
Dungeon (15/15)            Temple (1/1) D:5            Lair (5/5) D:10
  Swamp (1/4) Lair:3        Snake (0/4) Lair:3        Slime (0/5) Lair:4
    Orc (2/2) D:9             Elf (0/3) Orc:2        Vaults (0/5) D:14
 Depths (0/4) D:15          Sewer (visited)          Bailey (visited)
Volcano (visited)         Gauntlet (visited)

Altars:
Ashenzari
Cheibriados
Dithmenos
Elyvilon
Fedhas
Gozag
Hepliaklqana
Makhleb
Nemelex Xobeh
Okawaru
Qazlal
Trog
Uskayaw
Vehumet
Wu Jian
Yredelemnul
The Shining One
Jiyva

Shops:
D:1 ?   D:4 *   D:5 (   D:6 *[   D:15 :   Orc:2 ((([

Annotations:
D:8 exclusion: steam dragon
D:9 exclusion: hornet
D:12 1 transporter


Message History

You closely miss the bunyip.
The bunyip is almost dead.
The bunyip completely misses you. The bunyip barely misses you.
The bunyip closely misses you. The fenstrider witch misses you.
The fenstrider witch closely misses you.
Unknown command.
You slash the bunyip! You freeze the bunyip.
You kill the bunyip!
Vehumet accepts your kill.
You feel your power returning.
The fenstrider witch points at you and mumbles some strange words.
Your body is wracked with pain!
* * * LOW HITPOINT WARNING * * *
Your cactus giant hits the fenstrider witch with a +0 giant spiked club!
You feel better. The fenstrider witch hits you!
* * * LOW HITPOINT WARNING * * *
The fenstrider witch kicks you!
* * * LOW HITPOINT WARNING * * *
You feel much better.
The fenstrider witch completely misses you.
The fenstrider witch kicks you!
* * * LOW HITPOINT WARNING * * *
You slash the fenstrider witch! You freeze the fenstrider witch.
The fenstrider witch is heavily wounded.
The fenstrider witch closely misses you.
The fenstrider witch kicks you but does no damage.
Unknown command.
You slash the fenstrider witch! You freeze the fenstrider witch.
The fenstrider witch is severely wounded.
The fenstrider witch barely misses you. The fenstrider witch kicks you.
* * * LOW HITPOINT WARNING * * *
Your cactus giant misses the fenstrider witch.
You block the fenstrider witch's attack. x2
Unknown command.
You slash the fenstrider witch! You freeze the fenstrider witch.
The fenstrider witch is severely wounded.
The fenstrider witch hits you.
* * * LOW HITPOINT WARNING * * *
The fenstrider witch kicks you!
You die...

♣♣♣♣♣♣♣♣.§~.♣ ♣♣.~
♣...♣♣~..~~.♣ ♣.. .
♣.........♣♣♣ ♣♣(~ ~~
♣♣.~~~~§..~♣♣♣♣.~~ ~..
♣.~~~~~~....♣♣.~~ ~.§~
♣♣~.~~~~~~.~.~♣♣.~ .§~~.
♣~§~~......♣♣~♣♣.~
.~~~..♣~♣.~~~~.~♣♣♣♣♣♣.~
~~~~†.†@§.......~...♣.~~
~~~~..HC...♣♣♣~.......~~
~...~♣♣♣♣..♣ ♣♣...~~.~~~
♣♣~~♣ ♣♣♣♣ ♣~~~..~~~~~
♣♣♣ ♣~..~~~~~~~
♣.~.~§~.~~~ ♣...~~~.~~~
~...~~~.~~~ ~♣..§.......


You could see a fenstrider witch (ally target) and a friendly cactus giant
(summoned).

Vanquished Creatures
  An orc warlord (Orc:2)
  Nessos (D:13)
  A dire elephant (Lair:5)
  An eleionoma (Swamp:1)
  A minotaur (Gauntlet)
  2 bunyips (Swamp:1)
  3 hydras
  2 ice dragons (D:15)
  An ogre mage (D:15)
  A merfolk avatar (Lair:5)
  A death knight (D:12)
  9 two-headed ogres
  An alligator (Swamp:1)
  A tengu warrior (D:14)
  5 centaur warriors
  19 death yaks
  4 boulder beetles
  A hell knight (Volcano)
  4 skysharks
  Nergalle (D:12)
  A skeletal warrior (D:12)
  4 sea snakes (Lair:5)
  A salamander mystic (Volcano)
  A glowing orange brain (shapeshifter) (D:14)
  2 harpies (Lair:5)
  2 deep elf pyromancers
  2 orc sorcerers
  2 orc knights
  6 salamanders (Volcano)
  4 cyclopes
  A deep elf zephyrmancer (Bailey)
  A faun (shapeshifter) (D:9)
  5 manticores
  10 ugly things
  4 elephants (Lair:5)
  4 black mambas
  A rust devil (Gauntlet)
  A torpor snail (Lair:5)
  9 cane toads
  An eye of devastation (Lair:4)
  3 gargoyles
  Maggie (D:6)
  2 yaktaurs (D:15)
  4 efreet
  4 rime drakes
  8 komodo dragons
  An unseen horror (D:12)
  An unseen horror (shapeshifter) (D:14)
  A tengu conjurer (D:12)
  3 meliai (D:15)
  6 trolls
  2 wind drakes (Lair:5)
  2 polar bears
  8 hornets
  Prince Ribbit (Lair:2)
  11 dream sheep
  16 blink frogs
  A snapping turtle (Lair:5)
  11 slime creatures
  5 shadows
  A vampire (D:11)
  4 wyverns
  3 fire elementals (Gauntlet)
  2 wraiths
  46 yaks
  A ynoxinul (Gauntlet)
  3 basilisks
  4 steam dragons (Lair:5)
  24 vampire mosquitoes
  4 nagas (Lair:3)
  A warg (Orc:2)
  2 acid dragons
  2 hell hounds (Gauntlet)
  14 water moccasins
  6 black bears
  A floating eye (Lair:4)
  29 orc warriors
  2 sky beasts (D:7)
  A black bear (shapeshifter) (D:14)
  3 ice beasts
  6 ogres
  17 wolves (Lair:2)
  5 centaurs
  A kobold brigand (D:9)
  8 bullfrogs
  3 scorpions
  A gnoll sergeant (D:9)
  A wight (D:9)
  10 killer bees (D:9)
  2 electric eels
  4 howler monkeys
  3 jellies
  15 orc priests
  3 hounds
  3 iron imps (Gauntlet)
  3 iguanas
  19 orc wizards
  Terence (D:3)
  A centaur simulacrum (D:9)
  8 adders
  A river rat (Sewer)
  A shadow imp (D:7)
  2 ufetubi
  6 worms
  A dart slug (D:4)
  77 orcs
  4 bats
  12 endoplasms
  5 giant cockroaches
  13 hobgoblins
  11 quokkas
  10 ball pythons
  6 frilled lizards
  7 goblins
  18 kobolds
  8 rats
662 creatures vanquished.

Vanquished Creatures (collateral kills)
  7 death yaks
  An orc knight (D:15)
  2 ugly things (D:14)
  A black mamba (Lair:5)
  A troll (D:15)
  A wyvern (Lair:3)
  12 yaks (Lair:5)
  A naga (Lair:3)
  2 orc warriors
  An ogre (Orc:1)
  2 orc priests
  3 orc wizards
  7 orcs
  A butterfly (Lair:5)
42 creatures vanquished.

Vanquished Creatures (others)
  An orc warrior (D:15)
  12 snaplasher vines
13 creatures vanquished.

Grand Total: 717 creatures vanquished

Notes
Turn   | Place    | Note
-------+----------+-------------------------------------------
     0 | D:1      | LustLizard the Deep Elf Air Elementalist began the quest
                  | for the Orb.
     0 | D:1      | Reached XP level 1. HP: 10/10 MP: 6/6
   307 | D:1      | Reached XP level 2. HP: 15/15 MP: 0/8
   483 | D:1      | Found Zaun's Magic Scroll Boutique.
   486 | D:1      | Bought a scroll of identify for 22 gold pieces
   660 | D:1      | Found a faded altar of an unknown god.
  1163 | D:2      | Learned a level 2 spell: Static Discharge
  1444 | D:2      | Reached XP level 3. HP: 20/20 MP: 5/9
  1989 | D:2      | Identified the ring "Vuokkyib" {Wiz Slay+3}
  2331 | D:3      | Learned a level 3 spell: Swiftness
  2347 | D:3      | Reached skill level 1 in Fighting
  2347 | D:3      | Reached XP level 4. HP: 25/25 MP: 8/11
  2513 | D:3      | Identified the +1 robe of the Banana {rElec rN+}
  2631 | D:3      | Noticed Terence
  2663 | D:3      | Killed Terence
  3403 | D:4      | Identified the +0 robe of Nexedet {Harm rCorr Dex+2}
  3421 | D:4      | Reached XP level 5. HP: 29/29 MP: 8/12
  3515 | D:4      | Noticed an ogre
  3520 | D:4      | Killed an ogre
  3713 | D:4      | Noticed a black bear
  3720 | D:4      | Learned a level 4 spell: Airstrike
  3723 | D:4      | Killed a black bear
  3724 | D:4      | Reached XP level 6. HP: 35/35 MP: 5/14
  3887 | D:4      | Reached skill level 5 in Air Magic
  4259 | D:4      | Identified the +7 flail "Wolyos" {antimagic, Dex+3}
  4320 | D:4      | Identified the ring of Huply {rN+ Str+6}
  4393 | D:4      | Found Xakleshri's Fire Supplies.
  4539 | D:5      | Entered Level 5 of the Dungeon
  4715 | D:5      | Found Lock's Weapon Boutique.
  4720 | D:5      | Found a broken altar of Ashenzari.
  4752 | D:5      | Found a glowing drain.
  4763 | Sewer    | Entered a sewer
  5104 | Sewer    | Reached skill level 5 in Spellcasting
  5183 | Sewer    | Reached XP level 7. HP: 40/40 MP: 10/16
  5397 | D:5      | Found a snail-covered altar of Cheibriados.
  5421 | D:5      | Found a burning altar of Makhleb.
  5421 | D:5      | Found an ornate altar of the Wu Jian Council.
  5503 | D:5      | Found a bloodstained altar of Trog.
  5506 | D:5      | Found an opulent altar of Gozag.
  5855 | D:5      | Found a staircase to the Ecumenical Temple.
  5863 | Temple   | Entered the Ecumenical Temple
  5980 | Temple   | Became a worshipper of Vehumet
  6555 | D:6      | Noticed Maggie
  6593 | D:6      | Noticed an angel
  6650 | D:6      | Reached XP level 8. HP: 41/46 MP: 1/18
  6782 | D:6      | Found Teargh's Antique Armour Shop.
  7011 | D:6      | Found Lureo's Hallowed Reliquary.
  7759 | D:7      | Reached skill level 5 in Conjurations
  8454 | D:7      | Noticed a manticore
  8460 | D:7      | HP: 1/48 [manticore/volley of spikes (11)]
  8461 | D:7      | Killed a manticore
  8462 | D:7      | Reached XP level 9. HP: 1/52 MP: 17/22
  8538 | D:7      | Reached * piety under Vehumet
  8538 | D:7      | Offered knowledge of Freeze by Vehumet.
 10293 | D:6      | Killed Maggie
 10665 | D:9      | Found a staircase to the Orcish Mines.
 10954 | D:9      | Noticed a two-headed ogre
 11135 | D:9      | Noticed an efreet
 11459 | D:9      | Reached skill level 5 in Fighting
 11650 | D:9      | Reached XP level 10. HP: 59/59 MP: 8/24
 12000 | D:9      | Noticed a boulder beetle
 12002 | D:9      | Noticed a boulder beetle
 12005 | D:9      | Noticed a green ugly thing
 12202 | D:9      | Noticed a faun
 12207 | D:9      | Killed a faun
 12208 | D:9      | Reached skill level 10 in Air Magic
 12306 | D:9      | Killed a boulder beetle
 12881 | D:9      | Noticed a gargoyle
 12885 | D:9      | Killed a gargoyle
 12971 | D:9      | Noticed a manticore
 13064 | D:9      | Reached skill level 5 in Dodging
 13102 | D:9      | Killed a manticore
 13422 | D:9      | Killed a two-headed ogre
 13423 | D:9      | Reached skill level 10 in Spellcasting
 13423 | D:9      | Reached XP level 11. HP: 64/64 MP: 6/27
 13528 | D:8      | Killed a green ugly thing
 14109 | D:10     | Entered Level 10 of the Dungeon
 14301 | D:10     | Identified a scroll of acquirement
 14304 | D:10     | Acquired the +10 lajatang of Gatikh {freeze, Int+2}
 14404 | D:10     | Found a flagged portal.
 14418 | Bailey   | Entered a bailey
 14686 | Bailey   | Reached ** piety under Vehumet
 14766 | Bailey   | Offered knowledge of Poisonous Vapours by Vehumet.
 14770 | Bailey   | Learned a level 2 spell: Poisonous Vapours
 14965 | Bailey   | Found a large runed translucent door.
 14965 | Bailey   | Found a large runed translucent door.
 14966 | Bailey   | Noticed a deep elf zephyrmancer
 15031 | Bailey   | Noticed an orc knight
 15060 | Bailey   | Killed an orc knight
 15220 | Bailey   | Killed a deep elf zephyrmancer
 15453 | D:10     | Noticed a two-headed ogre
 15746 | D:10     | Killed a two-headed ogre
 16014 | D:10     | Found a staircase to the Lair.
 16617 | D:11     | Noticed a two-headed ogre
 16622 | D:11     | Killed a two-headed ogre
 17056 | D:11     | Noticed a two-headed ogre
 17058 | D:11     | Reached skill level 1 in Staves
 17073 | D:11     | Killed a two-headed ogre
 17320 | D:11     | Reached XP level 12. HP: 71/71 MP: 24/29
 17350 | D:11     | Noticed a boulder beetle
 18234 | D:11     | Offered knowledge of Stone Arrow by Vehumet.
 18239 | D:11     | Learned a level 3 spell: Stone Arrow
 19103 | D:12     | Found the +4 robe of Augmentation {Str+4 Int+4 Dex+4}
 19139 | D:12     | Noticed Nergalle
 19146 | D:12     | Killed Nergalle
 19274 | D:12     | Found a transporter.
 19573 | D:12     | Noticed a two-headed ogre
 19583 | D:12     | Killed a two-headed ogre
 19848 | D:12     | Noticed a death knight
 19996 | D:12     | Reached *** piety under Vehumet
 20183 | Lair:1   | Entered Level 1 of the Lair of Beasts
 20185 | Lair:1   | Reached skill level 5 in Staves
 20226 | Lair:1   | Identified the +6 war axe of the Thing {elec, *Noise Fly
                  | rElec Str+2 Dex+4}
 20256 | Lair:1   | Found a hazy altar of Hepliaklqana.
 20428 | Lair:1   | Learned a level 5 spell: Summon Forest
 21354 | Lair:2   | Reached skill level 1 in Summonings
 21354 | Lair:2   | Reached skill level 1 in Translocations
 21465 | Lair:2   | Noticed Prince Ribbit
 21489 | Lair:2   | Killed Prince Ribbit
 21907 | Lair:2   | Offered knowledge of Hailstorm by Vehumet.
 21934 | Lair:2   | Reached XP level 13. HP: 72/76 MP: 22/31
 22755 | Lair:3   | Reached skill level 10 in Conjurations
 22809 | Lair:3   | Reached **** piety under Vehumet
 23296 | Lair:3   | Found a staircase to the Swamp.
 23472 | Lair:3   | Found a staircase to the Snake Pit.
 24210 | Lair:4   | Offered knowledge of Olgreb's Toxic Radiance by Vehumet.
 24227 | Lair:4   | Learned a level 4 spell: Olgreb's Toxic Radiance
 24405 | Lair:4   | Reached skill level 1 in Evocations
 24672 | Lair:4   | Found a staircase to the Slime Pits.
 24875 | Lair:4   | HP: 1/78 [disintegration (29)]
 25099 | Lair:4   | Found a viscous altar of Jiyva.
 25670 | Lair:4   | Reached skill level 5 in Translocations
 25803 | Lair:4   | Reached skill level 5 in Summonings
 26425 | Lair:5   | Entered Level 5 of the Lair of Beasts
 26543 | Lair:5   | Found a dark tunnel.
 26628 | Volcano  | Entered a volcano
 26649 | Volcano  | Reached XP level 14. HP: 84/84 MP: 18/32
 26712 | Volcano  | Found a bloodstained altar of Trog.
 27924 | Lair:5   | Reached ***** piety under Vehumet
 27985 | Lair:5   | Offered knowledge of Freezing Cloud by Vehumet.
 28440 | Lair:5   | Reached skill level 10 in Dodging
 28892 | Lair:5   | Learned a level 5 spell: Freezing Cloud
 29030 | Lair:5   | Identified the +8 sling of the Dark Horse {drain, Int+5}
 29360 | Lair:5   | Reached XP level 15. HP: 82/89 MP: 28/34
 30291 | D:13     | Reached skill level 5 in Evocations
 30361 | D:13     | Noticed Nessos
 30618 | D:13     | Killed Nessos
 31325 | D:13     | You fall into a shaft and drop 2 floors!
 31325 | D:15     | Entered Level 15 of the Dungeon
 31666 | D:14     | Found a gate to the Vaults.
 32754 | D:14     | Acquired the Codex of Ruinous Sidekicks
 32761 | D:14     | Learned a level 3 spell: Mephitic Cloud
 32768 | D:14     | Learned a level 6 spell: Summon Cactus Giant
 33412 | D:15     | Offered knowledge of Irradiate by Vehumet.
 33420 | D:15     | Learned a level 5 spell: Irradiate
 33499 | D:15     | Reached skill level 10 in Staves
 34233 | D:15     | Found Gouhu's Book Shop.
 34242 | D:15     | Identified the +5 ring mail of Ymosogam {rCorr Int+3}
 34281 | D:15     | Bought an Inescapable Atlas for 384 gold pieces
 35297 | D:15     | Found a staircase to the Depths.
 35457 | Orc:1    | Entered Level 1 of the Orcish Mines
 36023 | Orc:2    | Entered Level 2 of the Orcish Mines
 36143 | Orc:2    | Found a staircase to the Elven Halls.
 36204 | Orc:2    | Found a gate leading to a gauntlet.
 36332 | Gauntlet | Entered a Gauntlet
 36332 | Gauntlet | Found a transporter.
 36375 | Gauntlet | Found a transporter.
 36390 | Gauntlet | Found a transporter.
 36395 | Gauntlet | Found a transporter.
 36410 | Gauntlet | Found a transporter.
 36429 | Gauntlet | Found a transporter.
 36441 | Gauntlet | Found a transporter.
 36450 | Gauntlet | Found a transporter.
 36465 | Gauntlet | Found a transporter.
 36477 | Gauntlet | Found a transporter.
 36494 | Gauntlet | Found a transporter.
 36520 | Gauntlet | Found a transporter.
 36550 | Gauntlet | Found a transporter.
 36550 | Gauntlet | Found a transporter.
 36572 | Gauntlet | Found a transporter.
 36594 | Gauntlet | Found a transporter.
 36672 | Gauntlet | Found a transporter.
 36734 | Gauntlet | Found a transporter.
 36814 | Gauntlet | Paralysed by a hornet for 3 turns
 36830 | Gauntlet | Identified the +1 helmet of True Grit {rC- Dex+7}
 37013 | Gauntlet | Offered knowledge of Starburst by Vehumet.
 37053 | Gauntlet | Identified the ring of Tafaung {rPois rF+ Dex+2 SInv}
 37252 | Gauntlet | Identified the ring of the Gastropod {rElec Will+ Dex-3
                  | Slay+2}
 37630 | Orc:2    | Found Tyfien's Weapon Shoppe.
 38025 | Orc:2    | Found Laepuef's Antique Armour Emporium.
 38027 | Orc:2    | Found Etuin's Antique Weapon Shoppe.
 38040 | Orc:2    | Bought a colourful robe for 193 gold pieces
 38040 | Orc:2    | Identified the +1 robe of Xozaasm {Int+5} (You bought it in
                  | a shop on level 2 of the Orcish Mines)
 38225 | Orc:2    | Found Potal's Antique Weapon Emporium.
 38234 | Orc:2    | Reached skill level 10 in Summonings
 38782 | Swamp:1  | Entered Level 1 of the Swamp
 38792 | Swamp:1  | Reached XP level 16. HP: 92/96 MP: 12/36
 39162 | Swamp:1  | HP: 2/96 [fenstrider witch (17)]
 39166 | Swamp:1  | Mangled by a fenstrider witch

Illustrated notes

Levels and vault maps discovered:
D:1:      minmay_arrival_arboretum_small, layout_basic, serial_shops,
          nicolae_shop_rolled_up, hellmonk_ecumenical_altar_heavens_door,
          grunt_decor_one_mirror, due_unseen_surprise
D:2:      minmay_razor_zed, layout_basic
D:3:      cheibrodos_greedy_goblins, layout_loops_ring, uniq_terence
D:4:      minmay_bubble_buster, layout_loops_ring, nicolae_shop_fire_sale
          [nicolae_sub_dead_trees], dk_rats_in_the_wall
D:5:      layout_loops_ring, mainiacjoe_overflow_alcove_1, minitemple,
          minmay_temple_entry_proselytizer, serial_shops, shop,
          gup_sewer_entry_pipe
D:6:      wad_pebble_path, layout_basic, serial_shops,
          nicolae_inconvenience_store, nicolae_good_shop, uniq_maggie
D:7:      layout_rooms
D:8:      layout_basic, serial_bayou_lagoon_a
D:9:      minmay_the_grid_triangle_9x9_recursive_2
          [minmay_the_grid_triangle_9x9_prize_top_heavy,
          minmay_the_grid_triangle_9x9_intruding_spiral,
          minmay_the_grid_triangle_9x9_flanged_cone,
          minmay_the_grid_triangle_9x9_odd_lines], layout_gridville,
          minmay_shattered_shrine
D:10:     layout_loops_ring, grunt_lair_entry_orc_guard_hut, enter_bailey_4
D:11:     layout_small_grid
D:12:     cheibrodos_fzero, layout_irregular_city, nicolae_diode_basic,
          uniq_nergalle
D:13:     layout_irregular_city, grunt_decor_mini_mirrors, uniq_nessos
D:14:     layout_cave_pools, david_vaults_2, minmay_misc_feat_diagonals
D:15:     grunt_enter_depths_hoard, layout_rooms, serial_shops, shop,
          minmay_misc_feat_five
Temple:   nicolae_temple_slightly_damp_pantheon
Lair:1:   layout_cave_pods, basic_altar, serial_bayou, serial_bayou_pond_c,
          serial_bayou_shore_b, serial_bayou_ford_a, serial_bayou_pond_d
Lair:2:   layout_chaotic_city, grunt_forest_large_clearings,
          infiniplex_staircase_pool, serial_bayou_shore_b, grunt_megastairs_2,
          lemuel_fruit_tree, uniq_prince_ribbit2
Lair:3:   layout_chaotic_city, swamp_mist, minmay_snake_entry_guardpost_medium
Lair:4:   layout_loops_ring, minmay_slime_entry_eyes, lemuel_old_faithful
Lair:5:   gammafunk_lair_ancient_temple, layout_long_grid,
          lightli_volcano_entry_magma_tube, serial_bayou_pond_b,
          lemuel_fruit_fields
Swamp:1:  layout_basic_swamp, nicolae_swamp_feature_on_the_river_bank,
          uniq_kirke
Orc:1:    layout_caves
Orc:2:    grunt_orc_community_town_hall, layout_caves,
          grunt_orc_community_big_house_1, grunt_orc_community_big_house_1,
          grunt_orc_community_house_1, grunt_orc_community_house_2,
          grunt_orc_community_house_2, grunt_orc_community_house_2,
          grunt_orc_community_house_2, grunt_orc_community_house_3,
          gauntlet_entry_generic, nicolae_orc_jurassic_orc

Skill      XL: |  1  2  3  4  5  6  7  8  9 10 11 12 13 14 15 |
---------------+----------------------------------------------+-----
Stealth        | 3 4 |  4.0
Fighting       | 1 2 3 4 5 6 7 8 9 |  9.3
Conjurations   | 2 3 4 5 7 8 9 10 11 12 | 12.0
Air Magic      | 4 5 6 8 9 10 12 13 14 | 14.4
Spellcasting   | 4 5 7 8 10 11 12 13 14 | 14.3
Dodging        | 5 7 8 9 10 11 | 11.3
Staves         | 2 5 7 9 10 | 10.7
Summonings     | 2 5 8 10 | 10.1
Translocations | 2 5 |  5.0
Evocations     | 2 4 5 |  5.0

Action                     |  1- 3 |  4- 6 |  7- 9 | 10-12 | 13-15 | 16-18 || total
---------------------------+-------+-------+-------+-------+-------+-------++-------
  Melee: Club              |    12 |       |       |       |       |       ||    12
         Short sword       |       |       |     4 |    10 |       |       ||    14
         Punch             |       |       |       |     1 |       |       ||     1
         Lajatang          |       |       |       |    60 |   410 |    30 ||   500
   Cast: Shock             |    92 |   131 |    85 |   101 |   112 |       ||   521
         Static Discharge  |     4 |     9 |     3 |    25 |     9 |       ||    50
         Airstrike         |       |     3 |    94 |   243 |   545 |    11 ||   896
         Swiftness         |       |       |       |     1 |     1 |       ||     2
         Poisonous Vapours |       |       |       |     3 |     6 |       ||     9
         Summon Forest     |       |       |       |       |    18 |       ||    18
         Olgreb's Toxic Ra |       |       |       |       |     8 |     1 ||     9
         Summon Cactus Gia |       |       |       |       |     2 |     1 ||     3
  Evoke: Wand              |       |       |       |    10 |     6 |       ||    16
    Use: Scroll            |     2 |     3 |    18 |    17 |    12 |       ||    52
         Potion            |     1 |       |     1 |     2 |    15 |     2 ||    21
   Stab: Distracted        |       |       |       |       |     5 |       ||     5
         Sleeping          |       |       |       |       |     3 |       ||     3
 Armour: Robe              |     5 |     4 |    12 |    59 |   141 |     6 ||   227
         Fire dragon scale |       |       |       |       |    13 |       ||    13
  Dodge: Dodged            |    23 |    12 |    19 |   109 |   316 |    20 ||   499
  Block: Other             |       |     2 |     7 |    38 |   111 |     4 ||   162
         Reflection        |       |     1 |     3 |       |     6 |       ||    10
